 Dungeon Crawl Stone Soup version 0.22-a0-475-g101988f953 (webtiles) character file.

3303 FluffierThanThou the Cleaver (level 9, -5/81 HPs)
             Began as a Deep Dwarf Fighter on June 14, 2018.
             Was a Believer of Makhleb.
             Slain by a cyan ugly thing (13 damage)
             ... on level 7 of the Dungeon.
             The game lasted 00:21:24 (7285 turns).

FluffierThanThou the Cleaver (Deep Dwarf Fighter)   Turns: 7285, Time: 00:21:25

Health: -5/81      AC:  1    Str: 22    XL:     9   Next: 70%
Magic:  8/8        EV: 11    Int: 10    God:    Makhleb [**....]
Gold:   227        SH: 11    Dex: 15    Spells: 8/8 levels left

rFire    . . .     SeeInvis .   a - +0 war axe
rCold    . . .     Gourm    .   c - +0 shield
rNeg     . . .     Faith    .   b - +0 scale mail
rPois    .         Spirit   .   (no helmet)
rElec    .         Reflect  .   y - scarf {repulsion}
rCorr    .         Harm     .   h - +0 pair of gloves
MR       +....                  (no boots)
Stlth    ..........             (no amulet)
HPRegen  0.00/turn              i - +3 ring of dexterity
MPRegen  0.11/turn              (no ring)

@: corroded, very slightly contaminated, non-regenerating, invisible, repel
missiles
A: damage resistance, heal wounds, sense surroundings 2, no regeneration
a: Heal Wounds, Minor Destruction, Renounce Religion


You were on level 7 of the Dungeon.
You worshipped Makhleb.
Makhleb was pleased with you.
You were not hungry.

You visited 2 branches of the dungeon, and saw 9 of its levels.

You collected 227 gold pieces.

Inventory:

Hand Weapons
 a - a +0 war axe (weapon)
Armour
 b - a +0 scale mail (worn)
 c - a +0 shield (worn)
 h - a +0 pair of gloves (worn)
 y - a scarf of repulsion (worn)
Jewellery
 i - a +3 ring of dexterity (left hand)
 n - a cursed amulet of magic regeneration {unknown}
 C - an uncursed ring of see invisible {unknown}
Wands
 e - a wand of digging (18)
 m - a wand of paralysis (17)
 z - a wand of flame (27)
 D - a wand of iceblast (12)
Scrolls
 d - a scroll of fog {unknown}
 g - 9 scrolls of identify
 j - 2 scrolls of teleportation {unknown}
 l - 2 scrolls of immolation {unknown}
 o - a scroll of enchant weapon {unknown}
 p - a scroll of noise {unknown}
 q - a scroll of remove curse
 r - 4 scrolls of blinking {unknown}
 t - a scroll of amnesia {unknown}
 u - a scroll of magic mapping {unknown}
 A - a scroll of enchant armour {unknown}
 E - a scroll of vulnerability {unknown}
 H - a scroll of brand weapon {unknown}
Potions
 k - a potion of invisibility
 s - a potion of degeneration {unknown}
 v - a potion of mutation {unknown}
 x - a potion of cancellation {unknown}
 B - a potion of ambrosia {unknown}
 F - a potion of curing
 G - a potion of heal wounds
Comestibles
 f - 10 rations
 w - 6 chunks of flesh


   Skills:
 + Level 5.6 Fighting
 * Level 8.3 Axes
 + Level 6.7 Armour
 + Level 5.2 Dodging
 + Level 6.7 Shields
 + Level 6.2 Evocations


You had 8 spell levels left.
You didn't know any spells.
Your spell library was empty.

Dungeon Overview and Level Annotations

Branches:
Dungeon (8/15)             Temple (1/1) D:4
   Lair: D:8-11

Altars:
Ashenzari
Cheibriados
Dithmenos
Elyvilon
Fedhas
Gozag
Hepliaklqana
Kikubaaqudgha
Makhleb
Nemelex Xobeh
Okawaru
Qazlal
Ru
Sif Muna
Trog
Uskayaw
Vehumet
Wu Jian
Xom
Yredelemnul
Zin
The Shining One


Innate Abilities, Weirdness & Mutations

You are resistant to damage.
You can heal yourself by infusing magical energy.
You passively map the area around you.
You do not regenerate.


Message History

You block the brown ugly thing's attack.
You strike the helpless brown ugly thing from behind!
You hit the brown ugly thing but do no damage.
The brown ugly thing is moderately wounded.
The brown ugly thing basks in your mutagenic energy and changes!
You catch the helpless cyan ugly thing completely off-guard!
You hit the cyan ugly thing but do no damage.
The cyan ugly thing is moderately wounded.
You hit the cyan ugly thing but do no damage.
The cyan ugly thing is moderately wounded.
You block the cyan ugly thing's attack.
You slash the cyan ugly thing!
The cyan ugly thing is moderately wounded.
The cyan ugly thing misses you.
You barely miss the cyan ugly thing.
The cyan ugly thing is moderately wounded.
The cyan ugly thing bites you!
* * * LOW HITPOINT WARNING * * *
The cyan ugly thing shocks you!
You die...

#........####...### ##.#
..........# ##....### #..#
..........# ###....### ##.##
..........# ##......## #..#
..........# ##....#...###..###
.........## ##......#....#....##
.........# #.......###...)....##
........## ##........####.......#
........# ##....@....## ##.#....#
.......####(.(.u.>(...# #.#....#
......................## #.##....
......####.............###..#....
##....# ##..................#####
####### #........................
#..........<....##..####.
#..............###..# ##
#.............## #..#


You could see a cyan ugly thing.

Vanquished Creatures
  Pikel (D:7)
  A yak (D:7)
  A human (D:7)
  Sigmund (D:4)
  3 hogs (D:7)
  Menkaure (D:7)
  A hungry ghost (D:7)
  4 slaves (D:7)
  2 sky beasts (D:6)
  A black bear (D:7)
  A centaur (D:7)
  2 ogres
  Blork the orc (D:5)
  A bullfrog (D:6)
  3 scorpions
  A wight (D:6)
  A howler monkey (D:4)
  A bullfrog zombie (D:6)
  A hound (D:7)
  A bullfrog skeleton (D:5)
  A gnoll shaman (D:6)
  3 orc priests (D:5)
  3 iguanas
  Natasha (thrice) (D:3)
  4 orc wizards
  A worker ant (D:5)
  11 gnolls (D:6)
  A howler monkey skeleton (D:6)
  11 adders
  3 shadow imps (D:5)
  2 oozes
  An adder skeleton (D:6)
  An adder zombie (D:6)
  A worm (D:2)
  4 dart slugs
  4 leopard geckos
  18 orcs
  7 giant cockroaches
  7 goblins
  4 hobgoblins
  14 jackals
  3 kobolds
  3 quokkas
  6 bats
  6 frilled lizards
  A leopard gecko skeleton (D:5)
  6 rats
158 creatures vanquished.

Notes
Turn   | Place    | Note
-------+----------+-------------------------------------------
     0 | D:1      | FluffierThanThou the Deep Dwarf Fighter began the quest for the Orb.
     0 | D:1      | Reached XP level 1. HP: 20/20 MP: 1/1
   158 | D:1      | Reached XP level 2. HP: 25/27 MP: 2/2
   587 | D:1      | Reached XP level 3. HP: 24/34 MP: 3/3
  1894 | D:3      | Reached skill level 3 in Axes
  1995 | D:3      | Reached XP level 4. HP: 29/42 MP: 4/4
  2425 | D:3      | Noticed Natasha
  2433 | D:3      | Killed Natasha
  2496 | D:3      | Noticed Natasha
  2507 | D:3      | Killed Natasha
  2507 | D:3      | Reached XP level 5. HP: 13/49 MP: 5/5
  2549 | D:3      | Noticed Natasha
  2561 | D:3      | Killed Natasha
  2561 | D:3      | Reached skill level 1 in Evocations
  3031 | D:4      | Reached skill level 4 in Axes
  3031 | D:4      | Reached skill level 1 in Dodging
  3042 | D:4      | Reached XP level 6. HP: 30/56 MP: 7/7
  3144 | D:4      | Noticed Sigmund
  3581 | D:4      | Found a staircase to the Ecumenical Temple.
  3587 | Temple   | Entered the Ecumenical Temple
  3592 | Temple   | Became a worshipper of Makhleb the Destroyer
  4020 | D:4      | Killed Sigmund
  4122 | D:5      | Entered Level 5 of the Dungeon
  4132 | D:5      | Reached XP level 7. HP: 33/63 MP: 6/6
  4437 | D:5      | Reached skill level 5 in Axes
  4596 | D:5      | Found a glowing golden altar of the Shining One.
  4701 | D:5      | Noticed Blork the orc
  4723 | D:5      | Killed Blork the orc
  4723 | D:5      | Reached skill level 5 in Armour
  4747 | D:5      | Found a shimmering altar of Xom.
  4916 | D:5      | Reached skill level 5 in Shields
  5068 | D:5      | Reached * piety under Makhleb
  5156 | D:5      | Found a shimmering altar of Xom.
  5492 | D:6      | Reached XP level 8. HP: 40/73 MP: 8/8
  5582 | D:6      | Reached skill level 6 in Axes
  6166 | D:6      | Reached ** piety under Makhleb
  6593 | D:7      | Noticed Menkaure
  6599 | D:7      | Killed Menkaure
  6599 | D:7      | Reached skill level 7 in Axes
  6738 | D:7      | Noticed Pikel
  6774 | D:7      | Killed Pikel
  6774 | D:7      | Reached skill level 5 in Fighting
  6774 | D:7      | Reached skill level 5 in Evocations
  6774 | D:7      | Gained mutation: You passively map the area around you. [Deep Dwarf growth]
  6774 | D:7      | Reached XP level 9. HP: 62/81 MP: 7/9
  6861 | D:7      | Paralysed by fainting for 5 turns
  7052 | D:7      | Reached skill level 8 in Axes
  7052 | D:7      | Reached skill level 5 in Dodging
  7238 | D:8      | Noticed a brown ugly thing
  7239 | D:8      | Noticed a centaur warrior
  7285 | D:7      | Slain by a cyan ugly thing

Vault maps used:
D:1:      nzn_arrival_crosshair
D:3:      st_stairs_10, uniq_natasha
D:4:      minmay_temple_entry_fiery, uniq_sigmund
D:5:      lemuel_coloured_pillars_altar, first_ration, basic_altar,
          corexii_item_surrounded_by_moat, amethyst_killhole, tso_metal_star,
          uniq_blork_the_orc
D:6:      st_stairs_14
D:7:      kennysheep_nub, grunt_livestock, uniq_menkaure, uniq_pikel
D:8:      minmay_the_grid_octo_triangle
Temple:   nicolae_temple_the_god_donut

Skill      XL: |  1  2  3  4  5  6  7  8  9 |
---------------+----------------------------+-----
Fighting       | 3 4 5 |  5.6
Axes           | 3 4 5 7 8 |  8.3
Armour         | 4 5 6 |  6.7
Shields        | 4 5 6 |  6.7
Evocations     | 1 2 3 5 6 |  6.2
Dodging        | 1 2 3 4 5 |  5.2

Action                   |  1- 3 |  4- 6 |  7- 9 || total
-------------------------+-------+-------+-------++-------
Melee: War axe           |   129 |   203 |   426 ||   758
Invok: Minor Destruction |       |       |     1 ||     1
 Abil: Heal Wounds       |     1 |     4 |    10 ||    15
  Use: Potion            |       |     5 |     8 ||    13
       Scroll            |       |     2 |     2 ||     4
 Stab: Invisible         |       |       |     5 ||     5
  Eat: Chunk             |     3 |     8 |     7 ||    18
       Ration            |       |       |     4 ||     4
Armor: Scale mail        |    58 |    88 |   131 ||   277
Dodge: Dodged            |    35 |    73 |   149 ||   257
       Deflected         |       |       |     5 ||     5
Block: Shield            |    68 |   101 |   241 ||   410

Table legend:
 A = Spawn XP
 B = Non-spawn XP
 C = Spawn XP percentage of total XP
 D = Spawn monster count
 E = Non-spawn monster count
 F = Spawn count percentage of total count
 G = Total turns spent on level
                    A         B        C        D         E        F      G
               +---------+---------+-------+---------+---------+-------+---------
         Total |       0 |    4719 |   0.0 |       0 |     154 |   0.0 |  7285
               +---------+---------+-------+---------+---------+-------+---------
           D:1 |       0 |      43 |   0.0 |       0 |      19 |   0.0 |   986
           D:2 |       0 |      36 |   0.0 |       0 |      19 |   0.0 |   874
           D:3 |       0 |     185 |   0.0 |       0 |      20 |   0.0 |  1109
           D:4 |       0 |     463 |   0.0 |       0 |      20 |   0.0 |  1026
           D:5 |       0 |     635 |   0.0 |       0 |      29 |   0.0 |  1153
           D:6 |       0 |     802 |   0.0 |       0 |      25 |   0.0 |   930
           D:7 |       0 |    2555 |   0.0 |       0 |      22 |   0.0 |   896
               +---------+---------+-------+---------+---------+-------+---------
